 Dungeon Crawl Stone Soup version 0.29.1-2-gbd0b4ee654 (webtiles) character file.

Game seed: 1661220363359861733

546 GorkyZ the Trooper (level 7, -2/55 HPs)
             Began as a Demonspawn Fighter on Nov 19, 2022.
             Slain by a gnoll
             ... wielding a +0 halberd
             ... led by a gnoll bouda
              (3 damage)
             ... on level 4 of the Dungeon.
             The game lasted 00:14:36 (4230 turns).

GorkyZ the Trooper (Demonspawn Fighter)             Turns: 4230, Time: 00:14:37

Health: -2/55      AC: 13    Str: 16    XL:     7   Next: 6%
Magic:  7/7        EV: 12    Int: 10    God:
Gold:   208        SH:  5    Dex: 16    Spells: 6/6 levels left

rFire   . . .      SeeInvis .   F - +2 hammer (protect)
rCold   . . .      Faith    .   c - +0 buckler
rNeg    . . .      Spirit   .   D - +0 leather armour
rPois   +          Reflect  .   (no helmet)
rElec   .          Harm     .   E - +2 cloak
rCorr   .          Rampage  .   j - +2 pair of gloves
Will    +....                   q - +2 pair of boots
Stlth   ++........              (no amulet)
HPRegen 0.18/turn               p - ring of willpower
MPRegen 0.20/turn               G - ring of poison resistance

@: no status effects
A: hooves 1, thin skeletal structure 1, powered by pain 2, magic regeneration
a: no special abilities


You were on level 4 of the Dungeon.
You visited 1 branch of the dungeon, and saw 4 of its levels.

You collected 234 gold pieces.
You spent 26 gold pieces at shops.

Inventory:

Hand Weapons
 a - a +0 rapier
 m - a +0 short sword
 r - the +6 quarterstaff of Gybuocwe {flame, Int-3 Dex+5}
   (You found it on level 2 of the Dungeon)

   It burns those it strikes, dealing additional fire damage.
   Int:       It affects your intelligence (-3).
   Dex:       It affects your dexterity (+5).
 s - a +0 hand axe
 F - a +2 hammer of protection (weapon)
Missiles
 z - 5 datura-tipped darts (quivered)
Armour
 b - a +0 scale mail
 c - a +0 buckler (worn)
 j - a +2 pair of gloves (worn)
 q - a +2 pair of boots (worn)
 t - a +0 cloak
 D - a +0 leather armour (worn)
 E - a +2 cloak (worn)
Jewellery
 g - an amulet of faith
 p - a ring of willpower (left hand)
 C - a ring of fire
 G - a ring of poison resistance (right hand)
 H - a ring of see invisible
Scrolls
 e - 2 scrolls of teleportation
 u - a scroll of noise {unknown}
 v - a scroll of immolation
 y - a scroll of silence {unknown}
 A - a scroll of summoning
 I - 2 scrolls of identify
Potions
 d - 3 potions of might
 f - a potion of mutation
 h - 2 potions of lignification
 i - a potion of brilliance
 k - a potion of haste {unknown}
 l - 2 potions of curing {unknown}
 n - a potion of ambrosia {unknown}
 o - a potion of cancellation {unknown}
 w - 2 potions of flight {unknown}
 x - a potion of attraction {unknown}
 B - 2 potions of resistance {unknown}


   Skills:
 + Level 4.3 Fighting
 - Level 2.9(3.2) Short Blades
 - Level 2.0(2.7) Long Blades
 + Level 4.0 Armour
 + Level 2.6 Dodging
 + Level 4.0 Shields


You had 6 spell levels left.
You didn't know any spells.
Your spell library contained the following spells:

 Spells                   Type           Power      Damage    Failure   Level
 Sandblast                Erth           0%         2d4       52%         1
 Passwall                 Tmut/Erth      0%         N/A       65%         2
 Dazzling Flash           Conj/Hex       0%         N/A       87%         3
 Stone Arrow              Conj/Erth      0%         3d7       87%         3
 Agony                    Necr           0%         N/A       100%        5
 Silence                  Hex/Air        0%         N/A       100%        5


Dungeon Overview and Level Annotations

Branches:
Dungeon (4/15)
 Temple: D:4-7

Altars:
Okawaru
Qazlal
Ru

Shops:
D:4 ?


Innate Abilities, Weirdness & Mutations

You have large cloven feet.
You have a somewhat thin skeletal structure. (Dex +2, Stealth+)
You sometimes gain power by taking damage.
You regenerate magic rapidly.


Message History

The gnoll bouda is heavily wounded.
The gnoll bouda barely misses you. The gnoll misses you.
The gnoll barely misses you.
You barely miss the gnoll bouda.
The gnoll bouda is heavily wounded.
The gnoll is no longer moving quickly. x2; You block the gnoll bouda's attack.
You block the gnoll's attack. The gnoll closely misses you.
The gnoll bouda barks out a call to the hunt!
The gnolls pick up the pace!
The gnoll misses you.
The gnoll hits you from afar with a +0 halberd.
* * * LOW HITPOINT WARNING * * *
You barely miss the gnoll bouda.
The gnoll bouda is heavily wounded.
The gnoll is no longer moving quickly.
The gnoll bouda barely misses you. You block the gnoll's attack.
The gnoll hits you from afar with a +0 halberd!
* * * LOW HITPOINT WARNING * * *
You sock the gnoll bouda!
Your weapon exudes an aura of protection.
The gnoll bouda is almost dead.
The gnoll is no longer moving quickly.
The gnoll bouda hits you but does no damage.
The gnoll closely misses you. You block the gnoll's attack.
The gnoll bouda misses you.
The gnoll bouda attacks as you move away!
You block the gnoll bouda's attack.
Your attacks no longer feel as feeble.
You sock the gnoll bouda!
You kill the gnoll bouda!
The gnoll hits you but does no damage. The gnoll closely misses you.
Your Shields skill increases to level 4!
You block the gnoll's attack. The gnoll closely misses you.
Things that are here:
a +0 club; a +0 leather armour You closely miss the gnoll.
The gnoll hits you with a +0 spear.
* * * LOW HITPOINT WARNING * * *
The gnoll closely misses you.
The gnoll hits you from afar with a +0 halberd.
You die...

....)..................# #.##(...
.###.#.)##.#######.##..###∩###.#.
.# #.#..##.# #####.##......oS..#.
.# #<#...... ...#.##.####.#####.
## #.##.##.## ##.#.##.####.## #.
..##.##.# ##....##.##....# #>
###.....# #...........#.#####.
..#### #g.................. .#
#.#@####.#.....####. .####.#g##
#.#.###.####. .......gg##....#
#...... .####.#........# #......
#.#...#.##.....#####
#...#........#.. #
###...#.###....# . ......# #.#.##
## ........ ..#.


You could see 4 gnolls.

Vanquished Creatures
  A black bear (D:3)
  A phantom (D:4)
  A scorpion (D:4)
  A howler monkey (D:3)
  A gnoll bouda (D:4)
  Crazy Yiuf (D:3)
  Terence (D:3)
  Natasha (twice) (D:3)
  A gnoll (D:3)
  4 adders
  2 worms (D:2)
  6 orcs
  6 endoplasms
  2 giant cockroaches (D:1)
  9 goblins
  8 hobgoblins
  15 jackals
  8 kobolds
  4 quokkas
  4 ball pythons
  4 bats
  A frilled lizard (D:1)
  5 rats
88 creatures vanquished.

Notes
Turn   | Place    | Note
-------+----------+-------------------------------------------
     0 | D:1      | GorkyZ the Demonspawn Fighter began the quest for the Orb.
     0 | D:1      | Reached XP level 1. HP: 18/18 MP: 1/1
   146 | D:1      | Gained mutation: You regenerate magic rapidly. [demonic
                  | ancestry]
   146 | D:1      | Reached XP level 2. HP: 17/24 MP: 2/2
   672 | D:1      | You fall into a shaft and drop 1 floor!
   782 | D:2      | Gained mutation: You sometimes gain a little power by
                  | taking damage. [demonic ancestry]
   782 | D:2      | Reached XP level 3. HP: 29/29 MP: 3/3
  1335 | D:2      | Identified the +6 quarterstaff of Gybuocwe {flame, Int-3
                  | Dex+5}
  2054 | D:1      | Found a faded altar of an unknown god.
  2298 | D:3      | Found a sacrificial altar of Ru.
  2415 | D:3      | Noticed a black bear
  2424 | D:3      | Killed a black bear
  2425 | D:3      | Reached skill level 1 in Long Blades
  2425 | D:3      | Reached skill level 1 in Dodging
  2425 | D:3      | Gained mutation: You have large cloven feet. [demonic
                  | ancestry]
  2425 | D:3      | Reached XP level 4. HP: 20/35 MP: 4/4
  2425 | D:3      | Gained mutation: You sometimes gain power by taking damage.
                  | [demonic ancestry]
  2425 | D:3      | Reached XP level 5. HP: 23/41 MP: 5/5
  2622 | D:3      | Found an iron altar of Okawaru.
  2797 | D:3      | Noticed Natasha
  2804 | D:3      | Killed Natasha
  2805 | D:3      | Gained mutation: You have a somewhat thin skeletal
                  | structure. (Dex +2, Stealth+) [demonic ancestry]
  2805 | D:3      | Reached XP level 6. HP: 40/48 MP: 6/6
  2868 | D:3      | Noticed Terence
  2877 | D:3      | Killed Terence
  2949 | D:3      | Noticed Natasha
  2960 | D:3      | Killed Natasha
  3253 | D:3      | Found a runed translucent door.
  3254 | D:3      | Noticed Crazy Yiuf
  3493 | D:3      | Killed Crazy Yiuf
  3951 | D:4      | Found Doehefic's Magic Scroll Shoppe.
  3973 | D:4      | Bought a scroll of identify for 26 gold pieces
  4021 | D:4      | Found a stormy altar of Qazlal.
  4132 | D:4      | Reached XP level 7. HP: 50/55 MP: 7/7
  4230 | D:4      | HP: 1/55 [gnoll/+0 spear[a gnoll bouda] (5)]
  4230 | D:4      | Slain by a gnoll

Illustrated notes

Levels and vault maps discovered:
D:1:      lightli_arrival_statuegarden, layout_rooms,
          dreamdust_ecumenical_altar_grove
D:2:      layout_basic, chequers_avenue
D:3:      layout_rooms, lemuel_coloured_pillars_altar,
          okawaru_altar_gauntlet_db, minmay_crystal_water,
          minmay_fractal_squares_5, uniq_terence, uniq_crazy_yiuf_cottage,
          uniq_natasha
D:4:      layout_loops_ring, grunt_temple_overflow_open, grunt_qazlal_sundering,
          serial_shops, shop, gup_sewer_entry_bubbles, uniq_duvessa

Skill      XL: |  1  2  3  4  5  6  7 |
---------------+----------------------+-----
Short Blades   | 2 |  2.9
Armour         | 3 4 |  4.0
Shields        | 3 4 |  4.0
Long Blades    | 1 2 |  2.0
Dodging        | 1 2 |  2.6
Fighting       | 4 |  4.3

Action                   |  1- 3 |  4- 6 |  7- 9 || total
-------------------------+-------+-------+-------++-------
Melee: Rapier            |   180 |       |       ||   180
       Quarterstaff      |     6 |    84 |       ||    90
       Mace              |       |    43 |    27 ||    70
  Use: Scroll            |       |     8 |       ||     8
Armor: Scale mail        |   113 |    87 |       ||   200
       Leather armour    |       |    26 |    28 ||    54
Dodge: Dodged            |    97 |    92 |    42 ||   231
Block: Buckler           |    37 |    14 |    20 ||    71
